 Dungeon Crawl Stone Soup version 0.13.0-15-g9204fa6 (webtiles) character file.

237 Econoterrorist the Insei (level 4, -3/32 HPs)
             Began as a Demonspawn Transmuter on Oct 20, 2013.
             Slain by an orc
             ... wielding a -1,+1 orcish falchion
              (4 damage)
             ... on Level 3 of the Dungeon.
             The game lasted 00:13:04 (2764 turns).

Econoterrorist the Insei (Demonspawn Transmuter)    Turns: 2764, Time: 00:13:04

HP  -3/32        AC  4     Str 10      XL: 4   Next: 86%
MP   5/6         EV  9     Int 14 (15) God:
Gold 109         SH 15     Dex 14      Spells:  2 memorised,  3 levels left

Res.Fire  : . . .   See Invis. : .     - Unarmed
Res.Cold  : . . .   Warding    : .   i - +0 orc robe
Life Prot.: . . .   Conserve   : .   g - +0 shield
Res.Poison: .       Res.Corr.  : .   p - +0 horned helmet
Res.Elec. : .       Clarity    : .   c - +0 cloak
Sust.Abil.: . .     Spirit.Shd : .   (no gloves)
Res.Mut.  : .       Stasis     : .   (boots unavailable)
Res.Rott. : .       Flight     : .   (no amulet)
Saprovore : . . .                    (no ring)
                                     (no ring)

@: appendage (expiring), very slightly contaminated, slightly resistant to
hostile enchantments, unstealthy
A: talons 3, deterioration 1, spiny 1
a: End Transformation


You were on level 3 of the Dungeon.
You were not hungry.
You had grown temporary talons.
You visited 1 branch of the dungeon, and saw 3 of its levels.

You collected 89 gold pieces.

Inventory:

Missiles
 b - 12 arrows
Armour
 c - a +0 cloak (worn)
 g - a +0 shield (worn)
 i - a +0 orcish robe (worn)
 p - a +0 horned helmet (worn)
Comestibles
 a - 3 bread rations
Scrolls
 e - a scroll of teleportation {unknown}
 f - a scroll of blinking {unknown}
 h - 3 scrolls of remove curse {unknown}
 l - a scroll of curse jewellery {unknown}
Potions
 m - 2 potions of resistance
Books
 d - a book of Changes

   Spells                             Type                      Level
   *Beastly Appendage                 Transmutation                1
   Sticks to Snakes                   Transmutation                2
   *Spider Form                       Transmutation/Poison         3
   Ice Form                           Ice/Transmutation            4
   Blade Hands                        Transmutation                5


   Skills:
 - Level 1.0 Fighting
 - Level 1.7 Dodging
 + Level 2.0 Shields
 - Level 4.5 Unarmed Combat
 - Level 2.0 Spellcasting
 - Level 1.7 Transmutations


You had 3 spell levels left.
You knew the following spells:

 Your Spells              Type           Power        Failure   Level  Hunger
a - Beastly Appendage     Trmt           #.....       61%         1    ##.....
b - Spider Form           Trmt/Pois      #.........   99%         3    ####...


Dungeon Overview and Level Annotations

Branches:
Dungeon (3/27)

Altars:
Ashenzari
Okawaru


Innate Abilities, Weirdness & Mutations

You are partially covered in sharp spines.*
You have claws for feet.*
Your body is slowly deteriorating.


Message History

You hit the orc.
The orc is heavily wounded.
The orc is struck by your spines. The orc hits you with an orcish mace!
* * * LOW HITPOINT WARNING * * *
You hit the orc.
You kill the orc!
You barely miss the orc.
The orc shouts!
The orc hits you with an orcish falchion.
* * * LOW HITPOINT WARNING * * *
Drink which item? (? for menu, Esc to quit)
Okay, then.
You closely miss the orc. You claw the orc.
The orc is almost dead.
Your transformation is almost over.
The orc barely misses you.
You barely miss the orc. You claw the orc, but do no damage.
The orc is almost dead.
The orc hits you with an orcish falchion.
You die...

.............######.#.# .#
....................#.#..#
..............# #.#.#.#..#
#...##........# #........+ .
..#####.####..###.....##.#.....
#.....#.####....'.....'........
#.....#...##...##...o.##.......
#.....#...####.##o))))# ......
#...........#...@###### ..####
..........###....# ......
#....)..#####....# ......
#.###............# ..... #
#..######....#######..###.#
#.###..######...................
.........................>......
.......########.#######.#####...
.......##### #.# #.# #...


You could see 2 orcs.

Vanquished Creatures
  Crazy Yiuf (D:2)
  An orc wizard (D:3)
  2 adders (D:2)
  A giant gecko (D:3)
  An ooze (D:1)
  5 orcs (D:3)
  A ball python (D:3)
  4 bats
  2 giant cockroaches
  5 goblins
  5 hobgoblins
  2 jackals (D:3)
  2 giant newts (D:2)
  9 kobolds
  5 rats
46 creatures vanquished.

Notes
Turn   | Place    | Note
--------------------------------------------------------------
     0 | D:1      | Econoterrorist, the Demonspawn Transmuter, began the quest for the Orb.
     0 | D:1      | Reached XP level 1. HP: 15/15 MP: 1/1
   117 | D:1      | Reached skill level 3 in Unarmed Combat
   407 | D:1      | Gained mutation: You are partially covered in sharp spines. [demonic ancestry]
   407 | D:1      | Reached XP level 2. HP: 21/21 MP: 0/3
  1113 | D:2      | Found an iron altar of Okawaru.
  1202 | D:2      | Reached XP level 3. HP: 14/26 MP: 2/4
  1443 | D:2      | Learned a level 3 spell: Spider Form
  1504 | D:2      | Noticed Crazy Yiuf
  1523 | D:2      | Killed Crazy Yiuf
  1523 | D:2      | Reached skill level 4 in Unarmed Combat
  1574 | D:2      | Gained mutation: Your body is slowly deteriorating. [potion of mutation]
  1574 | D:2      | Gained mutation: You cover ground slowly. [potion of mutation]
  1574 | D:2      | Lost mutation: You cover ground slowly. [potion of mutation]
  1859 | D:2      | Reached XP level 4. HP: 18/32 MP: 0/6
  2307 | D:3      | Reached skill level 1 in Shields
  2719 | D:3      | Found a shattered altar of Ashenzari.
  2762 | D:3      | HP: 1/32 [orc/orcish falchion (2)]
  2764 | D:3      | Slain by an orc

Action                   |  1- 3 |  4- 6 || total
-------------------------+-------+-------++-------
Melee: Unarmed           |    84 |    68 ||   152
 Cast: Beastly Appendage |    12 |     1 ||    13
       Spider Form       |     1 |       ||     1
  Use: Potion            |     2 |     2 ||     4
